[Event "ICC tourney 3036 (30 10)"]
[Site "Internet Chess Club"]
[Date "2022.10.22"]
[Round "3"]
[White "FILIPOVICH, DAVID MICHAEL:dmfcan"]
[Black "Chin, Spencer:Baseballchamp"]
[Result "1/2-1/2"]
[ICCResult "Game drawn by mutual agreement"]
[WhiteElo "2050"]
[BlackElo "1859"]
[Opening "Réti: King's Indian attack (Barcza system)"]
[ECO "A07"]
[NIC "QP.09"]
[Time "16:00:09"]
[PlyCount "55"]
[TimeControl "1800+10"]

1. Nf3 d5 2. g3 Nc6 3. d4 Bf5 4. Bg2 e6 5. O-O Nf6 6. c4 Be7 7. Nc3 Ne4 8.
cxd5 Nxc3 9. bxc3 exd5 10. Nd2 O-O 11. Qb3 Be6 12. Qxb7 Qd7 13. Qb3 Rab8 14.
Qc2 Bf5 15. e4 dxe4 16. Bxe4 Bh3 17. Bg2 Bxg2 18. Kxg2 Rfe8 19. Nf3 Bf6 20.
Be3 Qd5 21. c4 Nb4 22. Qd2 Qxc4 23. Rfc1 Qe6 24. Rxc7 Nd5 25. Rxa7 Nxe3+ 26.
fxe3 Qxe3 27. Qxe3 Rxe3 28. Re1 {Game drawn by mutual agreement} 1/2-1/2

[Event "ICC tourney 3036 (30 10)"]
[Site "Internet Chess Club"]
[Date "2022.10.22"]
[Round "3"]
[White "Belous, Vladimir:Openyagami"]
[Black "SRIPADA, Havish:brilliantnessme"]
[Result "1-0"]
[ICCResult "Black resigns"]
[WhiteElo "2575"]
[BlackElo "1993"]
[Opening "English: Neo-Catalan"]
[ECO "A13"]
[NIC "RE.11"]
[Time "16:00:13"]
[PlyCount "134"]
[TimeControl "1800+10"]

1. c4 e6 2. Nf3 d5 3. g3 Nf6 4. Bg2 d4 5. O-O Be7 6. e3 Nc6 7. exd4 Nxd4 8.
Nxd4 Qxd4 9. d3 O-O 10. Nc3 e5 11. Re1 c6 12. Qb3 Ng4 13. Rf1 Rd8 14. h3 Nf6
15. Be3 Qxd3 16. Nd5 Qxb3 17. Nxe7+ Kf8 18. axb3 Kxe7 19. Bxa7 Be6 20. Rfe1
Nd7 21. Be3 f6 22. Be4 Bxh3 23. Bxh7 Bg4 24. Kg2 Rh8 25. Be4 f5 26. Bg5+ Kf7
27. Bf3 Bxf3+ 28. Kxf3 e4+ 29. Kf4 Nc5 30. Kxf5 Rae8 31. Ra7 Rh5 32. Kg4 Kg6
33. f4 Rf8 34. Be7 Nd3 35. Rxe4 Nf2+ 36. Kf3 Nxe4 37. Bxf8 Nd2+ 38. Kg4 Nf1
39. Kf3 Nd2+ 40. Ke3 Rh2 41. Rxb7 Nf1+ 42. Kd4 Rxb2 43. g4 Nd2 44. Kc3 Ra2
45. Rxg7+ Kf6 46. g5+ Kf5 47. Rf7+ Ke4 48. g6 c5 49. Bxc5 Nf3 50. g7 Rg2 51.
Kb4 Nh4 52. Be7 Nf5 53. Bg5 Nxg7 54. Rxg7 Kf5 55. Rd7 Ke6 56. Rd5 Rh2 57.
Kc5 Rb2 58. b4 Kf7 59. b5 Ke6 60. b6 Rb1 61. Kc6 Rb4 62. c5 Rb1 63. b7 Rb2
64. f5+ Kf7 65. Rd7+ Ke8 66. Rd8+ Kf7 67. b8=Q Rxb8 {Black resigns} 1-0

[Event "ICC tourney 3036 (30 10)"]
[Site "Internet Chess Club"]
[Date "2022.10.22"]
[Round "3"]
[White "Mitrabha, Guha:babysnake"]
[Black "Wan, Joseph Cheng-Yue:cyborg86"]
[Result "1-0"]
[ICCResult "Black resigns"]
[WhiteElo "2521"]
[BlackElo "2296"]
[Opening "English: symmetrical variation"]
[ECO "A35"]
[NIC "EO.34"]
[Time "16:00:36"]
[PlyCount "99"]
[TimeControl "1800+10"]

1. c4 c5 2. Nc3 Nc6 3. Nf3 g6 4. e3 Nf6 5. d4 cxd4 6. exd4 d5 7. cxd5 Nxd5
8. Qb3 e6 9. Bb5 Bg7 10. Bg5 f6 11. Bd2 O-O 12. O-O Nc7 13. Bxc6 bxc6 14.
Ne4 Nd5 15. Nc5 Qb6 16. Qa3 a5 17. Rac1 Re8 18. Na4 Qc7 19. b3 Bf8 20. Qb2
Bd6 21. Nc5 Bxc5 22. Rxc5 a4 23. b4 Qd6 24. Rfc1 Bd7 25. a3 Kg7 26. Be3 Qe7
27. Nd2 Reb8 28. Nc4 Rb5 29. Nd2 Be8 30. Ne4 Rab8 31. Qc2 Ra8 32. Qd2 Kg8
33. Bf4 Rd8 34. h4 Kg7 35. Bg3 h5 36. Qe2 Kh7 37. Qf3 Kg7 38. Re1 Bd7 39.
Bd6 Qf7 40. Qg3 Ra8 41. Bf4 Rxc5 42. bxc5 Qf8 43. Rb1 Ra7 44. Bb8 Ra8 45.
Rb7 Qc8 46. Nd6 Qd8 47. Ba7 Qe7 48. Nc4 Rd8 49. Bb6 Nxb6 50. Nxb6
{Black resigns}
1-0

[Event "ICC tourney 3036 (30 10)"]
[Site "Internet Chess Club"]
[Date "2022.10.22"]
[Round "3"]
[White "Gaw, Chloe:HarleyQueen8"]
[Black "QUIRKE, JEFFREY L:PawnEatingZombi"]
[Result "0-1"]
[ICCResult "White resigns"]
[WhiteElo "1846"]
[BlackElo "2040"]
[Opening "QGD: exchange, positional line, 5...c6"]
[ECO "D35"]
[NIC "QO.16"]
[Time "16:00:24"]
[PlyCount "74"]
[TimeControl "1800+10"]

1. d4 d5 2. c4 e6 3. Nc3 Nf6 4. cxd5 exd5 5. Bg5 c6 6. e3 Be6 7. Bd3 Nbd7 8.
Nge2 h6 9. Bh4 g5 10. Bg3 Nh5 11. h3 Nxg3 12. Nxg3 Qc7 13. Qc2 h5 14. Bf5
O-O-O 15. O-O-O h4 16. Nge2 Nb6 17. Ng1 Qd7 18. Bd3 Kb8 19. Nf3 f6 20. Kb1
Be7 21. Ka1 Rdg8 22. Nh2 f5 23. f3 Bb4 24. Na4 Nxa4 25. Qxa4 Bd6 26. b4 Qc7
27. Nf1 f4 28. e4 dxe4 29. Bxe4 Qb6 30. a3 Be7 31. d5 cxd5 32. Bxd5 Bf6+ 33.
Kb1 Rd8 34. Bxe6 Rxd1+ 35. Qxd1 Qxe6 36. Nd2 Qe5 37. Kc2 Qc3+ {White
resigns} 0-1

[Event "ICC tourney 3036 (30 10)"]
[Site "Internet Chess Club"]
[Date "2022.10.22"]
[Round "3"]
[White "Turcotte, Jonathan:JonnyTurgi"]
[Black "Nguyen, Hoa Duc:leoman"]
[Result "0-1"]
[ICCResult "White resigns"]
[WhiteElo "2050"]
[BlackElo "2456"]
[Opening "Grünfeld: Grünfeld gambit, Capablanca variation"]
[ECO "D83"]
[NIC "GI.03"]
[Time "16:00:16"]
[PlyCount "84"]
[TimeControl "1800+10"]

1. d4 Nf6 2. c4 g6 3. Nc3 d5 4. Bf4 Bg7 5. e3 O-O 6. Rc1 Be6 7. cxd5 Nxd5 8.
Nxd5 Qxd5 9. b3 Nc6 10. Nf3 Qa5+ 11. Qd2 Qxd2+ 12. Kxd2 Nb4 13. e4 Nxa2 14.
Rxc7 Rfc8 15. d5 Bg4 16. Rxc8+ Rxc8 17. Ne5 g5 18. Bg3 Bh5 19. Bc4 Nb4 20.
f3 b5 21. Bxb5 Rc2+ 22. Ke3 a6 23. Bc4 Rxg2 24. Nc6 Nc2+ 25. Kd3 Kf8 26. Rc1
Na3 27. d6 Nxc4 28. dxe7+ Ke8 29. Rxc4 Bxf3 30. Rb4 Be2+ 31. Ke3 Bb5 32. Na7
Re2+ 33. Kf3 g4+ 34. Kxg4 Bc3 35. Rxb5 axb5 36. Kf3 Rb2 37. Bh4 Rxb3 38. Kf4
Ba5 39. Nc6 Bc7+ 40. e5 Rc3 41. Nd4 Rc4 42. Ke3 Bb6 {White resigns} 0-1

[Event "ICC tourney 3036 (30 10)"]
[Site "Internet Chess Club"]
[Date "2022.10.22"]
[Round "4"]
[White "Wan, Joseph Cheng-Yue:cyborg86"]
[Black "MARKOVIC, GORAN:Goran21"]
[Result "0-1"]
[ICCResult "White resigns"]
[WhiteElo "2296"]
[BlackElo "1960"]
[Opening "Sicilian: Canal-Sokolsky (Nimzovich-Rossolimo, Moscow) attack"]
[ECO "B51"]
[NIC "SI.01"]
[Time "18:00:15"]
[PlyCount "76"]
[TimeControl "1800+10"]

1. e4 c5 2. Nf3 d6 3. Bb5+ Nc6 4. O-O g6 5. c3 Bg7 6. Re1 a6 7. Bf1 Bg4 8.
h3 Bxf3 9. Qxf3 Nf6 10. d3 O-O 11. Qd1 e5 12. f4 d5 13. fxe5 Nxe5 14. Bf4
Nh5 15. Bh2 dxe4 16. Rxe4 Nc6 17. Nd2 Nf6 18. Re1 Nd5 19. Ne4 b6 20. Qf3
Nce7 21. Nd6 Ra7 22. Rad1 Rd7 23. Nc4 Nc6 24. g4 b5 25. Ne3 Nxe3 26. Rxe3
Ne7 27. Be5 f6 28. Bh2 Nd5 29. Re6 f5 30. gxf5 Rxf5 31. Qe4 Qg5+ 32. Bg2
Rdf7 33. h4 Qh5 34. Rf1 Rxf1+ 35. Bxf1 Qd1 36. Qe2 Rxf1+ 37. Kg2 Qxe2+ 38.
Rxe2 Rd1 {White resigns} 0-1

[Event "ICC tourney 3036 (30 10)"]
[Site "Internet Chess Club"]
[Date "2022.10.22"]
[Round "4"]
[White "Sarafudinov, Andrey:whyyoutrysohard"]
[Black "FILIPOVICH, DAVID MICHAEL:dmfcan"]
[Result "0-1"]
[ICCResult "White resigns"]
[WhiteElo "1575"]
[BlackElo "2050"]
[Opening "Modern defense"]
[ECO "A40"]
[NIC "QO.17"]
[Time "18:00:12"]
[PlyCount "52"]
[TimeControl "1800+10"]

1. d4 g6 2. c4 Bg7 3. Nf3 d6 4. g3 Nd7 5. Bg2 e5 6. e4 Ne7 7. Nc3 exd4 8.
Nxd4 Nc6 9. Nxc6 bxc6 10. O-O O-O 11. f4 Ba6 12. Qa4 Nc5 13. Qxc6 Bb7 14.
Qb5 Bxc3 15. bxc3 Rb8 16. Qa5 Bxe4 17. Bxe4 Nxe4 18. Qxa7 Nxc3 19. f5 Ne2+
20. Kh1 Nxc1 21. Raxc1 Qg5 22. Qf2 Rfe8 23. fxg6 Qxg6 24. Rfe1 Rxe1+ 25.
Rxe1 Rb1 26. a4 Qe4+ {White resigns} 0-1

[Event "ICC tourney 3036 (30 10)"]
[Site "Internet Chess Club"]
[Date "2022.10.22"]
[Round "4"]
[White "QUIRKE, JEFFREY L:PawnEatingZombi"]
[Black "CHINNI, RISHABH:alphachesplayer"]
[Result "1-0"]
[ICCResult "Black forfeits on time"]
[WhiteElo "2040"]
[BlackElo "1726"]
[Opening "Nimzo-Indian: classical variation"]
[ECO "E32"]
[NIC "NI.24"]
[Time "18:00:29"]
[PlyCount "41"]
[TimeControl "1800+10"]

1. d4 Nf6 2. c4 e6 3. Nc3 Bb4 4. Qc2 O-O 5. e4 d5 6. e5 Ne8 7. Nf3 c5 8. a3
Bxc3+ 9. bxc3 b6 10. Ng5 f5 11. exf6 Nxf6 12. Bd3 h6 13. Bh7+ Kh8 14. h4
dxc4 15. Be4 Nxe4 16. Qxe4 g6 17. Qxa8 Qc7 18. Qe4 Rf5 19. Nf3 Bb7 20. Qe3
Rh5 21. g4 {Black forfeits on time} 1-0

[Event "ICC tourney 3036 (30 10)"]
[Site "Internet Chess Club"]
[Date "2022.10.22"]
[Round "4"]
[White "SRIPADA, Havish:brilliantnessme"]
[Black "SHOLL, CRAIG H:craigsholl66"]
[Result "1-0"]
[ICCResult "Black checkmated"]
[WhiteElo "1993"]
[BlackElo "1579"]
[Opening "Sicilian: modern Scheveningen, main line"]
[ECO "B54"]
[NIC "SI.22"]
[Time "18:00:12"]
[PlyCount "59"]
[TimeControl "1800+10"]

1. e4 c5 2. Nf3 d6 3. d4 cxd4 4. Nxd4 Nc6 5. Nc3 e6 6. Be2 Nf6 7. Be3 Be7 8.
O-O O-O 9. f4 Bd7 10. g4 d5 11. e5 Ne4 12. Nxe4 dxe4 13. c3 Nxd4 14. Bxd4
Bc6 15. Qc1 f6 16. Qe3 fxe5 17. Bxe5 Qb6 18. Bd4 Qxb2 19. Bc4 Kh8 20. a4 e5
21. Bxe5 Qb6 22. Bd4 Qa5 23. g5 b6 24. Rfb1 Qf5 25. Rf1 Bd6 26. Bxg7+ Kxg7
27. Qd4+ Kg6 28. Qxd6+ Kh5 29. Qh6+ Kg4 30. Be2# {Black checkmated} 1-0

[Event "ICC tourney 3036 (30 10)"]
[Site "Internet Chess Club"]
[Date "2022.10.22"]
[Round "4"]
[White "HO, CARTER:corviknight"]
[Black "Feng, Jay:TheDeadlyPawn"]
[Result "1-0"]
[ICCResult "Black resigns"]
[WhiteElo "2074"]
[BlackElo "1643"]
[Opening "Caro-Kann: exchange variation"]
[ECO "B13"]
[NIC "CK.02"]
[Time "18:00:11"]
[PlyCount "121"]
[TimeControl "1800+10"]

1. e4 c6 2. d4 d5 3. exd5 cxd5 4. Bd3 Nc6 5. c3 Qc7 6. Ne2 Bg4 7. O-O e6 8.
Qe1 Nf6 9. Bg5 Be7 10. Ng3 Nh5 11. Bxe7 Nxg3 12. hxg3 Qxe7 13. Na3 Bh5 14.
f4 O-O 15. Qe3 Rae8 16. Rae1 g6 17. Nc2 Bg4 18. Qf2 Bf5 19. Bxf5 gxf5 20.
Ne3 Qf6 21. g4 fxg4 22. Nxg4 Qg6 23. Qh4 f5 24. Ne5 Nxe5 25. Rxe5 Rf7 26.
Rfe1 Rg7 27. R1e2 Kf7 28. c4 dxc4 29. d5 Kf8 30. Rxe6 Rxe6 31. dxe6 Re7 32.
Qe1 Qf6 33. Re5 Qh6 34. Rxf5+ Ke8 35. Qe5 Qxe6 36. Qb8+ Kd7 37. Qxb7+ Kd6
38. Qb4+ Kd7 39. Re5 Qb6+ 40. Qxb6 axb6 41. Rxe7+ Kxe7 42. Kf2 Ke6 43. g4 b5
44. a3 h6 45. Ke3 Kd5 46. g5 hxg5 47. fxg5 Ke5 48. g6 Kf6 49. Kd4 Kxg6 50.
Kc5 Kf5 51. Kxb5 c3 52. bxc3 Ke6 53. Kb6 Kd7 54. c4 Kc8 55. c5 Kb8 56. c6
Ka8 57. a4 Kb8 58. c7+ Kc8 59. a5 Kd7 60. a6 Kc8 61. a7 {Black resigns} 1-0

[Event "ICC tourney 3036 (30 10)"]
[Site "Internet Chess Club"]
[Date "2022.10.22"]
[Round "4"]
[White "Chin, Spencer:Baseballchamp"]
[Black "Turcotte, Jonathan:JonnyTurgi"]
[Result "1-0"]
[ICCResult "Black resigns"]
[WhiteElo "1859"]
[BlackElo "2050"]
[Opening "Sicilian: Alapin's variation (2.c3)"]
[ECO "B22"]
[NIC "SI.46"]
[Time "18:00:17"]
[PlyCount "109"]
[TimeControl "1800+10"]

1. e4 c5 2. c3 Nf6 3. e5 Nd5 4. Nf3 Nc6 5. Bc4 Nb6 6. Bb3 d6 7. exd6 Qxd6 8.
Na3 a6 9. O-O e6 10. d4 cxd4 11. Nxd4 Nxd4 12. cxd4 Be7 13. Qf3 O-O 14. Bf4
Qd8 15. Rac1 Nd5 16. Nc4 b5 17. Ne5 Nxf4 18. Qxa8 Ne2+ 19. Kh1 Nxc1 20. Rxc1
Bf6 21. Qe4 Qd6 22. Qa8 Bd7 23. Qb7 Be8 24. Qe4 g6 25. Rc8 Bg7 26. Qf4 f6
27. Nxg6 Qxf4 28. Bxe6+ Bf7 29. Rxf8+ Bxf8 30. Nxf4 Bd6 31. Bxf7+ Kxf7 32.
Nd5 Ke6 33. Ne3 Bc7 34. g3 Bb6 35. d5+ Ke5 36. Ng4+ Kxd5 37. Nxf6+ Kc4 38.
b3+ Kd3 39. Nd5 Bc5 40. Nc7 b4 41. Nxa6 Bd6 42. Kg2 Kc2 43. f4 Kb2 44. Kf3
Kxa2 45. Kg4 Kxb3 46. Kh5 Kc4 47. Nxb4 Bxb4 48. Kh6 Kd5 49. Kxh7 Ke4 50. Kg6
Kf3 51. f5 Kg2 52. h4 Kxg3 53. h5 Kg4 54. h6 Bc3 55. f6 {Black resigns} 1-0

[Event "ICC tourney 3036 (30 10)"]
[Site "Internet Chess Club"]
[Date "2022.10.22"]
[Round "4"]
[White "MAMMADOV, ZAUR:zaur94"]
[Black "Mitrabha, Guha:babysnake"]
[Result "1-0"]
[ICCResult "Black resigns"]
[WhiteElo "2543"]
[BlackElo "2521"]
[Opening "Caro-Kann: anti-anti-Caro-Kann defense"]
[ECO "B10"]
[NIC "CK.01"]
[Time "18:00:51"]
[PlyCount "133"]
[TimeControl "1800+10"]

1. e4 c6 2. c4 d5 3. cxd5 cxd5 4. exd5 Nf6 5. Nc3 Nxd5 6. Nf3 Nc6 7. Bb5
Nxc3 8. bxc3 Bd7 9. O-O e6 10. d4 Be7 11. Bd3 O-O 12. Bf4 Bf6 13. Qb1 h6 14.
Qxb7 Ne7 15. Ne5 Bxe5 16. Bxe5 Bc6 17. Qb2 Qd5 18. f3 Rac8 19. Rac1 Qd7 20.
c4 Ba8 21. Rfd1 Qd8 22. Bb1 Nc6 23. Bg3 Ne7 24. Qf2 Bb7 25. Be5 Nc6 26. Qc2
f5 27. Bg3 Ba6 28. Bf2 Na5 29. c5 Bb7 30. Qd2 Bd5 31. Bd3 Nc6 32. Rb1 Qf6
33. Bb5 Rb8 34. a3 f4 35. Qc3 Rb7 36. Rb2 Rfb8 37. Rdb1 g5 38. h3 h5 39. Be2
Qg7 40. Kh2 Qh7 41. Rxb7 Rxb7 42. Rxb7 Qxb7 43. Qd3 Qg7 44. Bd1 Kf8 45. Qa6
Qc7 46. Bc2 Ne7 47. Qd6 Qxd6 48. cxd6 Nf5 49. d7 Ke7 50. Ba4 Nd6 51. Be1 Nc4
52. h4 g4 53. fxg4 hxg4 54. h5 g3+ 55. Kh3 Nb6 56. h6 Be4 57. Bb4+ Kd8 58.
Ba5 Ke7 59. Bxb6 axb6 60. Kg4 f3 61. Kxg3 fxg2 62. Kh2 Kd8 63. Bc6 Bxc6 64.
h7 Kxd7 65. h8=Q Bd5 66. Qb8 Kc6 67. a4 {Black resigns} 1-0

[Event "ICC tourney 3036 (30 10)"]
[Site "Internet Chess Club"]
[Date "2022.10.22"]
[Round "4"]
[White "Nguyen, Hoa Duc:leoman"]
[Black "REDDY, SATVIK:chesslead"]
[Result "0-1"]
[ICCResult "White resigns"]
[WhiteElo "2456"]
[BlackElo "2320"]
[Opening "Pirc defense"]
[ECO "B07"]
[NIC "PU.08"]
[Time "18:00:36"]
[PlyCount "148"]
[TimeControl "1800+10"]

1. e4 d6 2. d4 Nf6 3. Nc3 Nbd7 4. f4 e5 5. Nf3 exd4 6. Qxd4 c6 7. Be3 d5 8.
e5 Ng4 9. Bg1 Bc5 10. Qd2 Bxg1 11. Rxg1 Qb6 12. O-O-O Nxh2 13. Nd4 Ng4 14.
Be2 Nc5 15. f5 Nxe5 16. Qg5 O-O 17. f6 Ng6 18. fxg7 Re8 19. Qh6 Qc7 20. Rgf1
Qe7 21. b4 Ne6 22. Nf5 Qg5+ 23. Kb2 Ne7 24. Qh3 Nxf5 25. Rxf5 Qxg7 26. Qh4
Nf8 27. Rg5 Ng6 28. Qf2 Re5 29. Rg3 Re4 30. a3 Qe5 31. Bd3 Rf4 32. Rf3 Bg4
33. Re1 Qd4 34. Rxf4 Qxf4 35. Qc5 Qd2 36. Rf1 Re8 37. Qxa7 Nf4 38. Qd4 Nxd3+
39. Qxd3 Qxd3 40. cxd3 Re3 41. Kc2 d4 42. Ne4 Be2 43. Nf6+ Kg7 44. Rf4 Bxd3+
45. Kd2 Bg6 46. a4 Rb3 47. Ne8+ Kf8 48. Nc7 Rxb4 49. Ne6+ Ke7 50. Nxd4 c5
51. Nf5+ Kf6 52. Rxb4 cxb4 53. Nd6 Ke5 54. Nxb7 Kd4 55. Na5 Be4 56. Nb3+ Kc4
57. Na5+ Kc5 58. Nb3+ Kb6 59. g3 Bd5 60. Nd4 Ka5 61. Kc2 Kxa4 62. Kb2 b3 63.
Ne2 Kb4 64. Nf4 Be4 65. Nh5 Bg6 66. Nf6 Bc2 67. Nd7 h5 68. Ne5 f5 69. Ng6
Kc4 70. Nf4 Bd1 71. Kc1 Bf3 72. Kb2 Kd4 73. Kxb3 Ke3 74. Ng6 Kf2 {White
resigns} 0-1

[Event "ICC tourney 3036 (30 10)"]
[Site "Internet Chess Club"]
[Date "2022.10.22"]
[Round "5"]
[White "CHINNI, RISHABH:alphachesplayer"]
[Black "Sarafudinov, Andrey:whyyoutrysohard"]
[Result "1-0"]
[ICCResult "Black resigns"]
[WhiteElo "1726"]
[BlackElo "1575"]
[Opening "Sicilian: dragon, Yugoslav attack, Rauser variation"]
[ECO "B76"]
[NIC "SI.17"]
[Time "20:00:12"]
[PlyCount "29"]
[TimeControl "1800+10"]

1. e4 c5 2. Nf3 d6 3. d4 cxd4 4. Nxd4 Nf6 5. Nc3 g6 6. Be3 Bg7 7. f3 O-O 8.
Qd2 Nc6 9. O-O-O d5 10. Kb1 Nxd4 11. e5 Nxf3 12. gxf3 Nd7 13. Nxd5 Re8 14.
f4 Nf8 15. Nf6+ {Black resigns} 1-0

[Event "ICC tourney 3036 (30 10)"]
[Site "Internet Chess Club"]
[Date "2022.10.22"]
[Round "5"]
[White "MARKOVIC, GORAN:Goran21"]
[Black "QUIRKE, JEFFREY L:PawnEatingZombi"]
[Result "0-1"]
[ICCResult "White checkmated"]
[WhiteElo "1960"]
[BlackElo "2040"]
[Opening "Ruy Lopez: exchange, Gligoric variation"]
[ECO "C69"]
[NIC "RL.08"]
[Time "20:00:30"]
[PlyCount "84"]
[TimeControl "1800+10"]

1. e4 e5 2. Nf3 Nc6 3. Bb5 a6 4. Bxc6 dxc6 5. O-O f6 6. d4 exd4 7. Nxd4 c5
8. Nb3 Qxd1 9. Rxd1 Bd7 10. Bf4 O-O-O 11. Nc3 g5 12. Bg3 h5 13. Nd5 Bd6 14.
Bxd6 cxd6 15. c4 Be6 16. Rd2 Bxd5 17. Rxd5 Ne7 18. Rd3 Nc6 19. Rad1 Kc7 20.
a3 Ne5 21. Rc3 g4 22. Rd5 h4 23. Nd2 Nc6 24. Rf5 Nd4 25. Rxf6 Ne2+ 26. Kf1
Nxc3 27. bxc3 Rdf8 28. Rg6 g3 29. hxg3 hxg3 30. Rxg3 Rh1+ 31. Ke2 Ra1 32. f3
Rxa3 33. Kd3 Ra2 34. Nf1 a5 35. Ne3 a4 36. Rg7+ Kb8 37. Nf5 a3 38. Nxd6 Rb2
39. e5 a2 40. e6 a1=Q 41. e7 Qd1+ 42. Ke4 Re2# {White checkmated} 0-1

[Event "ICC tourney 3036 (30 10)"]
[Site "Internet Chess Club"]
[Date "2022.10.22"]
[Round "5"]
[White "Turcotte, Jonathan:JonnyTurgi"]
[Black "Yang, Daniel:danielbest"]
[Result "1-0"]
[ICCResult "Black resigns"]
[WhiteElo "2050"]
[BlackElo "1732"]
[Opening "QGD semi-Slav: anti-Meran, Lilienthal variation"]
[ECO "D44"]
[NIC "SL.07"]
[Time "20:00:07"]
[PlyCount "59"]
[TimeControl "1800+10"]

1. d4 d5 2. c4 c6 3. Nf3 Nf6 4. Nc3 e6 5. Bg5 dxc4 6. e4 b5 7. e5 h6 8. Bh4
g5 9. Nxg5 hxg5 10. Bxg5 Nbd7 11. g3 Bb7 12. Bg2 Qb6 13. exf6 O-O-O 14. O-O
a5 15. b3 Bb4 16. Ne4 cxb3 17. axb3 e5 18. dxe5 Nxe5 19. Qe2 Rhe8 20. Rfd1
c5 21. Bf4 Rd4 22. Rxd4 cxd4 23. Qh5 Bxe4 24. Bxe4 Qxf6 25. Qe2 Nc6 26. Qg4+
Kd8 27. Bg5 Re6 28. Bxf6+ Rxf6 29. Qg5 Be7 30. Qxb5 {Black resigns} 1-0

[Event "ICC tourney 3036 (30 10)"]
[Site "Internet Chess Club"]
[Date "2022.10.22"]
[Round "5"]
[White "FILIPOVICH, DAVID MICHAEL:dmfcan"]
[Black "LIANG, YU-CHENG:Yucheng"]
[Result "0-1"]
[ICCResult "White resigns"]
[WhiteElo "2050"]
[BlackElo "2041"]
[Opening "Réti opening"]
[ECO "A05"]
[NIC "QP.11"]
[Time "20:00:05"]
[PlyCount "54"]
[TimeControl "1800+10"]

1. Nf3 Nf6 2. g3 b6 3. Bg2 Bb7 4. O-O e6 5. c4 Be7 6. Nc3 O-O 7. Re1 d5 8.
cxd5 exd5 9. d4 Nbd7 10. Ne5 c5 11. Bf4 cxd4 12. Nb5 g5 13. Nxd4 gxf4 14.
gxf4 Nxe5 15. fxe5 Ng4 16. e3 Nxe5 17. Qh5 Ng6 18. f4 Bf6 19. Rad1 Kh8 20.
Kh1 Rg8 21. Rg1 Nh4 22. Bh3 Rxg1+ 23. Rxg1 Bxd4 24. exd4 Qf6 25. Rg5 Qxf4
26. Qh6 Qc1+ 27. Rg1 Qxh6 {White resigns} 0-1

[Event "ICC tourney 3036 (30 10)"]
[Site "Internet Chess Club"]
[Date "2022.10.22"]
[Round "5"]
[White "REDDY, SATVIK:chesslead"]
[Black "Mitrabha, Guha:babysnake"]
[Result "1/2-1/2"]
[ICCResult "Game drawn by mutual agreement"]
[WhiteElo "2320"]
[BlackElo "2521"]
[Opening "French: Winawer, classical variation"]
[ECO "C18"]
[NIC "FR.11"]
[Time "20:00:18"]
[PlyCount "72"]
[TimeControl "1800+10"]

1. e4 e6 2. d4 d5 3. Nc3 Bb4 4. e5 c5 5. a3 Bxc3+ 6. bxc3 Qc7 7. Qg4 f6 8.
Bb5+ Nc6 9. Nf3 Qf7 10. Bxc6+ bxc6 11. O-O Ne7 12. dxc5 Qg6 13. Qa4 O-O 14.
Rb1 a5 15. Rb6 Ba6 16. Re1 Bb5 17. Qb3 a4 18. Qb4 fxe5 19. Nxe5 Qxc2 20. Be3
Rf5 21. Qd4 Rff8 22. Bg5 Ra7 23. Bxe7 Rxe7 24. Nxc6 Bxc6 25. Rxc6 e5 26.
Qxd5+ Ref7 27. f3 Qxc3 28. Qxe5 Qxa3 29. Qd4 Qa2 30. Ra1 Qe2 31. h3 Rf4 32.
Qd5+ Kh8 33. Re6 Qb2 34. Rae1 h6 35. Qe5 Qxe5 36. R1xe5 R8f5
{Game drawn by mutual agreement}
1/2-1/2

[Event "ICC tourney 3036 (30 10)"]
[Site "Internet Chess Club"]
[Date "2022.10.22"]
[Round "5"]
[White "SRIPADA, Havish:brilliantnessme"]
[Black "HO, CARTER:corviknight"]
[Result "0-1"]
[ICCResult "White resigns"]
[WhiteElo "1993"]
[BlackElo "2074"]
[Opening "Sicilian: Pelikan, Chelyabinsk variation"]
[ECO "B41"]
[NIC "SI.37"]
[Time "20:00:09"]
[PlyCount "99"]
[TimeControl "1800+10"]

1. e4 c5 2. Nf3 e6 3. d4 cxd4 4. Nxd4 Nf6 5. Nc3 Nc6 6. Ndb5 d6 7. Bf4 e5 8.
Bg5 a6 9. Na3 b5 10. Nd5 Be7 11. Bxf6 Bxf6 12. c3 O-O 13. Nc2 Bg5 14. a4
bxa4 15. Rxa4 a5 16. Bc4 Rb8 17. b3 Kh8 18. h4 Bh6 19. Nce3 f5 20. Nxf5 Bxf5
21. exf5 Ne7 22. Nxe7 Qxe7 23. Rxa5 e4 24. Be6 Qc7 25. Qa1 e3 26. fxe3 Bxe3
27. Rh3 Bb6 28. Rd5 Ra8 29. Qb2 Ra7 30. c4 Rfa8 31. f6 Ra1+ 32. Rd1 R1a2 33.
fxg7+ Qxg7 34. Qxg7+ Kxg7 35. Bd7 Rxg2 36. Bc6 Rg1+ 37. Ke2 Ra2+ 38. Rd2
Raa1 39. Kd3 Bc5 40. Rg2+ Rxg2 41. Bxg2 Rd1+ 42. Kc2 Rg1 43. Bd5 Kf6 44.
Rf3+ Kg6 45. Rf8 Kh5 46. Rf4 Kh6 47. Be4 Kg7 48. Bd5 Kh6 49. Rf7 Rg4 50. h5
{White resigns}
0-1